 Dungeon Crawl Stone Soup version 0.31-a0-691-g409c26aa35 (webtiles) character file.

Game seed: 3796288395946929533

123 qw the Shooter (level 5, -5/32 HPs)
             Began as a Gargoyle Hunter on Sept 6, 2023.
             Slain by a wight
             ... wielding a +3 great sword
              (8 damage)
             ... on level 4 of the Dungeon.
             The game lasted 00:01:11 (2429 turns).

qw the Shooter (Gargoyle Hunter)                    Turns: 2429, Time: 00:01:11

Health: -5/32      AC: 11    Str: 14    XL:     5   Next: 7%
Magic:  5/5        EV: 11    Int: 10    God:
Gold:   69         SH:  5    Dex: 15    Spells: 4/4 levels left

rFire   . . .        Y - +0 shortbow
rCold   . . .        (shield currently unavailable)
rNeg    + . .        j - +0 ring mail
rPois   inf          a - +0 helmet
rElec   +            (no cloak)
rCorr   .            (no gloves)
SInv    .            b - +0 pair of boots
Will    .....        f - amulet of reflection
Stlth   +            (no ring)
HPRegen 0.25/turn    (no ring)
MPRegen 0.09/turn

%: reflection
@: no status effects
A: sickness immunity, AC +4, negative energy resistance 1, electricity
resistance, torment resistance 1, petrification resistance
a: no special abilities


You were on level 4 of the Dungeon.
You visited 1 branch of the dungeon, and saw 4 of its levels.

You collected 168 gold pieces.
You spent 99 gold pieces at shops.


Innate Abilities, Weirdness & Mutations

You are immune to sickness and miasma.
Your stone body is resilient. (AC +4)
You are immune to poison.
You resist negative energy. (rN+)
You are resistant to electric shocks. (rElec)
You are resistant to unholy torment.
You are immune to petrification.


   Skills:
 - Level 3.0 Fighting
 + Level 5.6 Ranged Weapons
 - Level 1.5 Armour
 - Level 1.5 Dodging
 - Level 1.1 Stealth


You had 4 spell levels left.
You didn't know any spells.
Your spell library was empty.

Inventory:

Hand Weapons
 Y - a +0 shortbow (weapon)
Armour
 a - a +0 helmet (worn)
 b - a +0 pair of boots (worn)
 j - a +0 ring mail (worn)
Jewellery
 f - an amulet of reflection (around neck)
Scrolls
 k - a scroll of identify
Potions
 d - a potion of curing
 e - 2 potions of might
 h - a potion of brilliance {unknown}

Dungeon Overview and Level Annotations

Branches:
Dungeon (4/15)
 Temple: D:4-7

Altars:
Gozag
Makhleb

Shops:
D:3 [

Annotations:
D:3 3 runed translucent doors, qw's ghost, amateur GrHu


Message History

The wight attacks as it pursues you! The wight hits you with a +1 scimitar.
2420 |||
Found retreat position at -2,1 (floor) with 0 blocking monsters and 1 monsters attacking at destination at distance 2
2420 ||| Stepping ~*~*~tactically~*~*~ (retreating).
The kobold attacks as it pursues you! The kobold barely misses you.
You shoot an arrow.
The arrow hits the wight but does no damage.
An adder comes into view.
The wight hits you with a +1 scimitar. You block the kobold's attack.
The adder moves out of view.
You shoot an arrow. The arrow barely misses the wight.
The wight misses you. The kobold closely misses you.
You shoot an arrow.
The arrow hits the wight but does no damage.
You block the wight's attack.
An endoplasm comes into view.
You block the kobold's attack.
You shoot an arrow. The endoplasm quivers.
The arrow hits the wight.
The wight is lightly damaged.
The wight closely misses you. You block the endoplasm's attack.
The kobold closely misses you. The wight hits you but does no damage.
You shoot an arrow. The arrow closely misses the wight.
You block the endoplasm's attack. The kobold hits you but does no damage.
The endoplasm misses you. The kobold hits you but does no damage.
You shoot an arrow. The arrow hits the wight.
The wight is lightly damaged.
The wight misses you. The endoplasm misses you.
The kobold hits you with a +0 short sword.
2427 |||
Found retreat position at -1,0 (floor) with 0 blocking monsters and 1 monsters attacking at destination at distance 1
2427 ||| Stepping ~*~*~tactically~*~*~ (retreating).
You shoot an arrow. The arrow barely misses the wight.
The arrow hits the kobold!
You kill the kobold!
The wight misses you.
You shoot an arrow. The arrow closely misses the wight.
The arrow hits the endoplasm.
The endoplasm is heavily wounded.
The wight hits you with a +3 great sword!
You die...

.. #.............
#.. #.............
#.. #.......!.....
#.. #.............
#...#.............
#...#.............
#....z....<.......
#..##.....!.......
#..@zJ............
#..##J............
#.. #>............
#.. #.............
#.. #.............
#.. #.............
#.. #........ #..
#######


You could see a wight and 2 endoplasms.

Vanquished Creatures
  Robin (D:3)
  4 adders
  4 dart slugs
  6 ball pythons
  6 endoplasms
  10 goblins
  8 hobgoblins
  4 jackals (D:3)
  5 kobolds
  3 quokkas
  5 bats
  4 frilled lizards
  7 rats
67 creatures vanquished.

Notes
Turn   | Place    | Note
-------+----------+-------------------------------------------
     0 | D:1      | qw the Gargoyle Hunter began the quest for the Orb.
     0 | D:1      | Reached XP level 1. HP: 12/12 MP: 1/1
     0 | D:1      | 0 ||| qw: Version: 0.3-a-76-g4403597
     0 | D:1      | 0 ||| qw: Game counter: 237
     0 | D:1      | 0 ||| qw: Melee chars always use a shield: true
     0 | D:1      | 0 ||| qw: God list: Okawaru
     0 | D:1      | 0 ||| qw: Allow faded altars: false
     0 | D:1      | 0 ||| qw: Do Orc after clearing Dungeon:15 true
     0 | D:1      | 0 ||| qw: Do second Lair branch before Depths: true
     0 | D:1      | 0 ||| qw: Lair rune preference: random
     0 | D:1      | 0 ||| qw: Goals: Normal
     0 | D:1      | 0 ||| PLANNING D:1-11
     4 | D:1      | You fall into a shaft and drop 1 floor!
     5 | D:2      | 5 ||| DROPPING scroll of butterflies.
    20 | D:2      | 20 ||| FLEEEEING.
    21 | D:2      | 21 ||| STAIRDANCE
   224 | D:1      | Reached XP level 2. HP: 11/17 MP: 2/2
   672 | D:1      | 672 ||| UPGRADING to +0 ring mail.
   682 | D:1      | 682 ||| DROPPING +0 leather armour.
   683 | D:1      | 683 ||| UPGRADING to amulet of reflection.
   688 | D:1      | 688 ||| READING scroll labelled ULAL TYSTAF.
   689 | D:1      | 689 ||| READING scroll labelled BUUVVU USIEBAOQEO.
   690 | D:1      | 690 ||| READING 2 scrolls labelled XUIVUS TITEJI.
   691 | D:1      | 691 ||| DRINKING 2 cyan potions.
   692 | D:1      | 692 ||| DROPPING potion of attraction.
   790 | D:2      | Reached skill level 1 in Armour
   790 | D:2      | Reached XP level 3. HP: 21/21 MP: 3/3
  1142 | D:2      | Reached skill level 5 in Ranged Weapons
  1205 | D:2      | Reached XP level 4. HP: 27/27 MP: 4/4
  1354 | D:2      | 1354 ||| READING 2 scrolls labelled SOLAKHLOASULU.
  1355 | D:2      | 1355 ||| READING scroll labelled BIUNEKHL VEPTI.
  1356 | D:2      | 1356 ||| READING 2 scrolls labelled VUGUEME GIN.
  1357 | D:2      | 1357 ||| DRINKING 2 coppery potions.
  1358 | D:2      | 1358 ||| DRINKING 3 bubbling grey potions.
  1359 | D:2      | 1359 ||| READING 2 scrolls of identify.
  1359 | D:2      | 1359 ||| IDENTIFYING yellow potion
  1360 | D:2      | 1360 ||| DROPPING scroll of amnesia.
  1361 | D:2      | 1361 ||| DROPPING potion of ambrosia.
  1362 | D:2      | 1362 ||| DROPPING scroll of immolation.
  1376 | D:3      | Noticed Robin
  1378 | D:3      | 1378 ||| STAIRDANCE
  1393 | D:3      | 1393 ||| STAIRDANCE
  1431 | D:3      | 1431 ||| STAIRDANCE
  1437 | D:3      | 1437 ||| STAIRDANCE
  1440 | D:2      | Reached skill level 3 in Fighting
  1447 | D:3      | Killed Robin
  1479 | D:3      | Found Niatal's Antique Armour Boutique.
  1485 | D:3      | 1485 ||| SHOPLISTING +1 Delatra's gloves {ID++} (220 gold,
                  | have 114).
  1485 | D:3      | 1485 ||| BUYING pair of boots (99 gold).
  1485 | D:3      | Bought a pair of boots for 99 gold pieces
  1485 | D:3      | 1485 ||| SHOPLISTING pair of gloves (99 gold, have 15).
  1485 | D:3      | 1485 ||| SHOPLISTING shiny helmet (165 gold, have 15).
  1665 | D:3      | Found a runed translucent gate.
  1665 | D:3      | Found a runed translucent gate.
  1666 | D:3      | Found a runed translucent gate.
  1667 | D:3      | Found an opulent altar of Gozag.
  1672 | D:3      | Noticed qw's ghost (amateur GrHu)
  2009 | D:3      | Found a burning altar of Makhleb.
  2009 | D:3      | Noticed a blizzard demon
  2012 | D:3      | Noticed a ynoxinul
  2012 | D:3      | Noticed a hellwing
  2117 | D:3      | Found a faded altar of an unknown god.
  2176 | D:3      | 2176 ||| UPGRADING to +0 helmet.
  2182 | D:3      | 2182 ||| UPGRADING to +0 pair of boots.
  2191 | D:3      | 2191 ||| READING scroll labelled HUOTHR OCVE.
  2192 | D:3      | 2192 ||| READING 2 scrolls of identify.
  2192 | D:3      | 2192 ||| IDENTIFYING inky potion
  2193 | D:3      | 2193 ||| DROPPING potion of lignification.
  2221 | D:3      | Reached XP level 5. HP: 32/32 MP: 5/5
  2299 | D:3      | 2299 ||| DROPPING amulet of magic regeneration.
  2385 | D:3      | 2385 ||| READING scroll labelled ADOBRI UDONKED.
  2415 | D:4      | 2415 ||| Stepping ~*~*~tactically~*~*~ (retreating).
  2416 | D:4      | 2416 ||| Stepping ~*~*~tactically~*~*~ (retreating).
  2417 | D:4      | 2417 ||| Stepping ~*~*~tactically~*~*~ (retreating).
  2418 | D:4      | 2418 ||| Stepping ~*~*~tactically~*~*~ (retreating).
  2419 | D:4      | 2419 ||| Stepping ~*~*~tactically~*~*~ (retreating).
  2420 | D:4      | 2420 ||| Stepping ~*~*~tactically~*~*~ (retreating).
  2421 | D:4      | HP: 3/32 [wight/+1 scimitar (6)]
  2426 | D:4      | HP: 2/32 [kobold/+0 short sword (3)]
  2427 | D:4      | 2427 ||| Stepping ~*~*~tactically~*~*~ (retreating).
  2429 | D:4      | Slain by a wight

Levels and vault maps discovered:
D:1:      minmay_arrival_five_plusses, layout_loops_ring, nicolae_titane
D:2:      layout_loops_ring
D:3:      layout_loops_ring, makhleb_altar_promises_db, serial_shops,
          nicolae_square_shop, ebering_ghost_gozag,
          shapermc_ecumenical_altar_pompeii, st_stairs_8, minmay_puff,
          uniq_robin
D:4:      cheibrodos_pilgrimage, layout_basic, serial_shops,
          nicolae_shop_advertising_works [nicolae_subvault_shop_adworks]

Skill      XL: |  1  2  3  4 |
---------------+-------------+-----
Armour         | 1 |  1.5
Ranged Weapons | 5 |  5.6
Fighting       | 3 |  3.0
Dodging        | |  1.5
Stealth        | |  1.1

Action                     |  1- 3 |  4- 6 || total
---------------------------+-------+-------++-------
   Fire: Shortbow          |    92 |   116 ||   208
    Use: Scroll            |     3 |     7 ||    10
         Potion            |     1 |     2 ||     3
 Armour: Leather armour    |     8 |       ||     8
         Ring mail         |    14 |    70 ||    84
  Dodge: Dodged            |    15 |    67 ||    82
  Block: Other             |     4 |    20 ||    24

Table legend:
 A = Non-vault XP
 B = Vault XP
 C = Vault XP percentage of total XP
 D = Non-vault monster count
 E = Vault monster count
 F = Vault count percentage of total count
                 A         B        C        D         E       F
            +---------+---------+-------+---------+---------+-------
      Total |     126 |      50 |  28.4 |      51 |      16 |  23.9
            +---------+---------+-------+---------+---------+-------
        D:1 |      22 |       0 |   0.0 |       9 |       0 |   0.0
        D:2 |      63 |      11 |  14.9 |      25 |       6 |  19.4
        D:3 |      39 |      39 |  50.0 |      16 |      10 |  38.5
        D:4 |       2 |       0 |   0.0 |       1 |       0 |   0.0
            +---------+---------+-------+---------+---------+-------
